 Dungeon Crawl Stone Soup version bcrawl-1.19.2-6-g6a88ae04c9 (webtiles) character file.

Game seed: 9459854752636045610

54 Mrkan the Poker (level 3, -2/28 HPs)
             Began as a Merfolk Gladiator on Jan 14, 2020.
             Shot with an arrow by a centaur (8 damage)
             ... on level 3 of the Dungeon.
             The game lasted 00:02:10 (2013 turns).

Mrkan the Poker (Merfolk Gladiator)                 Turns: 2013, Time: 00:02:11

Health: -2/28      AC:  7    Str: 14    XL:     3   Next: 91%
Magic:  3/3        EV: 14    Int:  7    God:
Gold:   185        SH:  6    Dex: 16    Spells: 2/2 levels left

rFire    . . .     SeeInvis .   a - +0 trident
rCold    + . .     Gourm    .   (no shield)
rNeg     . . .     Faith    .   p - +2 leather armour {rC+}
rPois    .         Spirit   .   c - +1 helmet
rElec    .         Reflect  +   (no cloak)
rCorr    .         Harm     .   (no gloves)
MR       .....                  (no boots)
Stlth    +.........             k - +6 amulet of reflection
HPRegen  0.09/turn              (no ring)
MPRegen  0.08/turn              (no ring)

@: no status effects
A: change form in water, swift swim, stealthy swim
a: no special abilities


You were on level 3 of the Dungeon.
You were hungry.

You visited 1 branch of the dungeon, and saw 3 of its levels.

You collected 185 gold pieces.

Inventory:

Hand Weapons
 a - a +0 trident (weapon)
Missiles
 d - 3 throwing nets (quivered) {!f}
Armour
 c - a +1 helmet (worn)
 p - a +2 leather armour of cold resistance (worn)
Jewellery
 g - an uncursed amulet of guardian spirit {unknown}
 k - a +6 amulet of reflection (around neck)
Scrolls
 e - a scroll of amnesia
 i - 2 scrolls of enchant weapon {unknown}
 l - 2 scrolls of enchant armour
 m - 4 scrolls of identify
 o - a scroll of teleportation {unknown}
Potions
 b - a potion of might {unknown}
 h - 2 potions of brilliance {unknown}
 j - 2 potions of magic {unknown}
 n - a potion of mutation {unknown}
Comestibles
 f - 3 rations {!d}


   Skills:
 + Level 2.9 Fighting
 * Level 5.7 Polearms
 - Level 2.0 Throwing
 + Level 4.6 Dodging


You had 2 spell levels left.
You didn't know any spells.
Your spell library was empty.

Dungeon Overview and Level Annotations

Branches:
Dungeon (3/12)

Altars:


Message History

Found a stone staircase leading down.
Found a runed hand axe.
A centaur comes into view.
The centaur shouts!
The centaur wields a +2 shortbow of freezing.
It is covered in frost.
The centaur shoots an arrow.
The arrow hits you! The arrow freezes you.
The centaur shoots an arrow.
The arrow hits you! The arrow freezes you.
An adder comes into view.
The centaur shoots an arrow.
You reflect the arrow off an invisible shield around you!
The arrow hits the centaur.
The arrow freezes the centaur.
The adder hisses angrily.
You see here a scroll of identify.
m - 4 scrolls of identify (gained 1)
The centaur shoots an arrow.
The arrow hits you.
* * * LOW HITPOINT WARNING * * *
The centaur shoots an arrow.
The arrow hits you but does no damage.
The centaur shoots an arrow.
The arrow hits you!
You die...

###.#...### .#
...........# .##
...........# ..#
###..#.#...#### ..####
......#...##.# ...)..
...........##.##...####
###..#.#...............
..................####
##..#.#...##..@.......
..#.#...###..#.>####
...............#
.#.#...###.S#.....
#.#...# #..#...### .
.... #c.# ..# ...# ..#
.... .#


You could see a centaur and an adder.

Vanquished Creatures
  An ooze (D:2)
  A dart slug (D:2)
  3 leopard geckos
  4 bats
  5 giant cockroaches
  3 goblins (D:1)
  12 hobgoblins
  4 frilled lizards (D:2)
  4 kobolds
  3 rats
40 creatures vanquished.

Notes
Turn   | Place    | Note
-------+----------+-------------------------------------------
     0 | D:1      | Mrkan the Merfolk Gladiator began the quest for the Orb.
     0 | D:1      | Reached XP level 1. HP: 16/16 MP: 1/1
   200 | D:1      | Reached XP level 2. HP: 23/23 MP: 2/2
   392 | D:1      | Reached skill level 5 in Polearms
  1224 | D:2      | Reached XP level 3. HP: 28/28 MP: 3/3
  2009 | D:3      | Noticed a centaur
  2013 | D:3      | Shot with an arrow by a centaur

Skill      XL: |  1  2 |
---------------+-------+-----
Polearms       | 5 |  5.7
Fighting       | |  2.9
Throwing       | |  2.0
Dodging        | |  4.6

Action                   || total
-------------------------++-------
Melee: Trident           ||   141
  Use: Scroll            ||     3
 Stab: Sleeping          ||     1
  Eat: Chunk             ||     3
Armor: Leather armour    ||    37
Dodge: Dodged            ||   102
Block: Other             ||     2
       Reflection        ||     1
